TOP OF THE 1ST |
Gilbert Fire Fighters batting - Pitching for Pueblo Prairie Dogs : RHP Cristo Balderas
|
Pitching: RHP Cristo Balderas
|
|
Batting: RHB Ramón Maldonado
|
0-0: Ball 1-0: SINGLE (Flyball, 89S)
|
Batting: RHB John Field
|
0-0: Ball 1-0: Fly out, F8 (Flyball, 8LD)
|
Batting: SHB José Salazar
|
0-0: Ball Ramón Maldonado is caught stealing 2nd base 1-0: Fly out, F7 (Flyball, 78M)
|
Top of the 1st over - 0 run(s), 1 hit(s), 0 error(s), 0 left on base; Gilbert 0 - Pueblo 0 |
BOTTOM OF THE 1ST |
Pueblo Prairie Dogs batting - Pitching for Gilbert Fire Fighters : RHP Robbie Hopps
|
Pitching: RHP Robbie Hopps
|
|
Batting: RHB Steve Murphy
|
0-0: Called Strike 0-1: Ball 1-1: Foul Ball, location: 2F 1-2: Ball 2-2: Foul Ball, location: 2F 2-2: Foul Ball, location: 2F 2-2: Strikes out looking
|
Batting: RHB Ánibal Barrios
|
0-0: Swinging Strike 0-1: Swinging Strike 0-2: Ground out 6-3 (Groundball, 56)
|
Batting: RHB Bob Fitzgerald
|
0-0: Called Strike 0-1: Called Strike 0-2: Foul Ball, location: 2F 0-2: Ball 1-2: Ball 2-2: Strikes out looking
|
Bottom of the 1st over - 0 run(s), 0 hit(s), 0 error(s), 0 left on base; Gilbert 0 - Pueblo 0 |
TOP OF THE 2ND |
Gilbert Fire Fighters batting - Pitching for Pueblo Prairie Dogs : RHP Cristo Balderas
|
Batting: LHB Mark Sanders
|
0-0: Called Strike 0-1: Ball 1-1: Foul Ball, location: 2F 1-2: Strikes out swinging
|
Batting: RHB Bill Salinas
|
0-0: Ball 1-0: Called Strike 1-1: Reached on error, E4 (Groundball, 4)
|
Batting: LHB Matt Moore
|
0-0: Swinging Strike 0-1: Called Strike 0-2: Strikes out looking
|
Batting: RHB Jesús Acosta
|
0-0: Ball 1-0: Ball 2-0: Called Strike 2-1: Foul Ball, location: 2F 2-2: Ball 3-2: Foul Ball, location: 2F 3-2: Ground out 6-3 (Groundball, 6)
|
Top of the 2nd over - 0 run(s), 0 hit(s), 1 error(s), 1 left on base; Gilbert 0 - Pueblo 0 |
BOTTOM OF THE 2ND |
Pueblo Prairie Dogs batting - Pitching for Gilbert Fire Fighters : RHP Robbie Hopps
|
Batting: RHB David Adams
|
0-0: Ball 1-0: Foul Ball, location: 2F 1-1: Called Strike 1-2: Ball 2-2: Foul Ball, location: 2F 2-2: Ball 3-2: Strikes out looking
|
Batting: RHB Manny Herrera
|
0-0: Fly out, F9 (Flyball, 9S)
|
Batting: RHB Shigekazu Kaneko
|
0-0: SINGLE (Flyball, 8RS)
|
Batting: RHB Jared Williamson
|
0-0: Called Strike 0-1: Foul Ball, location: 2F 0-2: Ball 1-2: Ground out 5-3 (Groundball, 56S)
|
Bottom of the 2nd over - 0 run(s), 1 hit(s), 0 error(s), 1 left on base; Gilbert 0 - Pueblo 0 |
TOP OF THE 3RD |
Gilbert Fire Fighters batting - Pitching for Pueblo Prairie Dogs : RHP Cristo Balderas
|
Batting: RHB Iván Romero
|
0-0: Ground out 5-3 (Groundball, 5S)
|
Batting: RHB Alfonso Santiago
|
0-0: Ground out 6-3 (Groundball, 6)
|
Batting: RHB Ramón Maldonado
|
0-0: Called Strike 0-1: SINGLE (Groundball, 6MD)
|
Batting: RHB John Field
|
0-0: Ball 1-0: Ball 2-0: Called Strike 2-1: Foul Ball, location: 2F 2-2: Strikes out swinging
|
Top of the 3rd over - 0 run(s), 1 hit(s), 0 error(s), 1 left on base; Gilbert 0 - Pueblo 0 |
BOTTOM OF THE 3RD |
Pueblo Prairie Dogs batting - Pitching for Gilbert Fire Fighters : RHP Robbie Hopps
|
Batting: RHB Dan Crowder
|
0-0: Reached on error, E5 (Groundball, 56)
|
Batting: LHB Peter Rodgers
|
0-0: Ball 1-0: Ball 2-0: Ball 3-0: Foul Ball, location: 2F 3-1: Swinging Strike 3-2: Strikes out looking Dan Crowder steals 2nd base Batter strikes out.
|
Batting: RHB Steve Murphy
|
0-0: Called Strike 0-1: Fly out, F9 (Line Drive, 89M)
|
Batting: RHB Ánibal Barrios
|
0-0: Ball 1-0: Ball 2-0: Called Strike 2-1: Reached via error on a dropped throw, E3 Dan Crowder to third
|
Batting: RHB Bob Fitzgerald
|
0-0: Called Strike Ánibal Barrios is caught stealing 2nd base
|
Bottom of the 3rd over - 0 run(s), 0 hit(s), 2 error(s), 0 left on base; Gilbert 0 - Pueblo 0 |
TOP OF THE 4TH |
Gilbert Fire Fighters batting - Pitching for Pueblo Prairie Dogs : RHP Cristo Balderas
|
Batting: SHB José Salazar
|
0-0: Ball 1-0: Called Strike 1-1: Foul Ball, location: 2F 1-2: Strikes out looking
|
Batting: LHB Mark Sanders
|
0-0: Foul Ball, location: 2F 0-1: Ball 1-1: Swinging Strike 1-2: Ball 2-2: Strikes out swinging
|
Batting: RHB Bill Salinas
|
0-0: Ball 1-0: Ball 2-0: Ball 3-0: Base on Balls
|
Batting: LHB Matt Moore
|
0-0: DOUBLE (Flyball, 9LM) Bill Salinas to third
|
Batting: RHB Jesús Acosta
|
0-0: Ball 1-0: Called Strike 1-1: Swinging Strike 1-2: Strikes out looking
|
Top of the 4th over - 0 run(s), 1 hit(s), 0 error(s), 2 left on base; Gilbert 0 - Pueblo 0 |
BOTTOM OF THE 4TH |
Pueblo Prairie Dogs batting - Pitching for Gilbert Fire Fighters : RHP Robbie Hopps
|
Batting: RHB Bob Fitzgerald
|
0-0: SINGLE (Line Drive, 4D)
|
Batting: RHB David Adams
|
0-0: Ball 1-0: Fly out, F6 (Popup, 6D)
|
Batting: RHB Manny Herrera
|
0-0: Ball 1-0: Called Strike 1-1: Ball 2-1: Swinging Strike 2-2: Foul Ball, location: 2F 2-2: Strikes out swinging
|
Batting: RHB Shigekazu Kaneko
|
0-0: Foul Ball, location: 2F 0-1: Ball 1-1: Called Strike 1-2: Ball 2-2: Ball 3-2: Strikes out looking
|
Bottom of the 4th over - 0 run(s), 1 hit(s), 0 error(s), 1 left on base; Gilbert 0 - Pueblo 0 |
TOP OF THE 5TH |
Gilbert Fire Fighters batting - Pitching for Pueblo Prairie Dogs : RHP Cristo Balderas
|
Batting: RHB Iván Romero
|
0-0: Fly out, F8 (Flyball, 8RM)
|
Batting: RHB Alfonso Santiago
|
0-0: Called Strike 0-1: Ball 1-1: Ball 2-1: Foul Ball, location: 2F 2-2: Ball 3-2: SINGLE (Groundball, 6MD)
|
Batting: RHB Ramón Maldonado
|
0-0: Called Strike 0-1: Ball 1-1: Foul Ball, location: 2F 1-2: Fly out, F5 (Popup, 5S)
|
Batting: RHB John Field
|
0-0: Called Strike 0-1: Foul Ball, location: 2F 0-2: Strikes out swinging
|
Top of the 5th over - 0 run(s), 1 hit(s), 0 error(s), 1 left on base; Gilbert 0 - Pueblo 0 |
BOTTOM OF THE 5TH |
Pueblo Prairie Dogs batting - Pitching for Gilbert Fire Fighters : RHP Robbie Hopps
|
Batting: RHB Jared Williamson
|
0-0: Ground out 6-3 (Groundball, 56)
|
Batting: RHB Dan Crowder
|
0-0: Called Strike 0-1: Ball 1-1: Ball 2-1: Fly out, F8 (Flyball, 8RM)
|
Batting: LHB Peter Rodgers
|
0-0: Ball 1-0: Ball 2-0: Ball 3-0: Base on Balls
|
Batting: RHB Steve Murphy
|
0-0: Ball Peter Rodgers steals 2nd base 1-0: Called Strike 1-1: Ball 2-1: Foul Ball, location: 2F 2-2: Ball 3-2: Strikes out swinging
|
Bottom of the 5th over - 0 run(s), 0 hit(s), 0 error(s), 1 left on base; Gilbert 0 - Pueblo 0 |
TOP OF THE 6TH |
Gilbert Fire Fighters batting - Pitching for Pueblo Prairie Dogs : RHP Cristo Balderas
|
Batting: SHB José Salazar
|
0-0: Called Strike 0-1: Foul Ball, location: 2F 0-2: Ball 1-2: SOLO HOME RUN (Flyball, 78XD), Distance : 428 ft
|
Batting: LHB Mark Sanders
|
0-0: Called Strike 0-1: Foul Ball, location: 2F 0-2: Ground out 6-3 (Groundball, 56)
|
Batting: RHB Bill Salinas
|
0-0: Called Strike 0-1: Called Strike 0-2: Ball 1-2: Ball 2-2: Ground out 6-3 (Groundball, 6)
|
Batting: LHB Matt Moore
|
0-0: Called Strike 0-1: Ball 1-1: Ball 2-1: SINGLE (Flyball, 8LS)
|
Pitching: LHP Shannon Thomas
|
|
Batting: RHB Jesús Acosta
|
0-0: Ball 1-0: Ball 2-0: Ground out U3 (Groundball, 3)
|
Top of the 6th over - 1 run(s), 2 hit(s), 0 error(s), 1 left on base; Gilbert 1 - Pueblo 0 |
BOTTOM OF THE 6TH |
Pueblo Prairie Dogs batting - Pitching for Gilbert Fire Fighters : RHP Robbie Hopps
|
Batting: RHB Ánibal Barrios
|
0-0: Ball 1-0: Called Strike 1-1: Called Strike 1-2: Foul Ball, location: 2F 1-2: Foul Ball, location: 2F 1-2: Reached on error, E6 (Groundball, 6S)
|
Pitching: RHP Jorge Álvarez
|
|
Batting: RHB Bob Fitzgerald
|
0-0: Ball 1-0: DOUBLE (Line Drive, 7LM) Ánibal Barrios to third
|
Batting: RHB David Adams
|
0-0: Ball 1-0: Ground out 4-3 (Groundball, 4)
|
Batting: RHB Manny Herrera
|
0-0: Swinging Strike 0-1: SINGLE (Groundball, 56D) Ánibal Barrios scores Bob Fitzgerald to third
|
Batting: RHB Shigekazu Kaneko
|
0-0: Called Strike 0-1: Ball 1-1: SINGLE (Groundball, 6MD) Bob Fitzgerald scores Manny Herrera to second
|
Batting: RHB Jared Williamson
|
0-0: 3-RUN HOME RUN (Flyball, 8LXD), Distance : 443 ft
|
Pitching: RHP Dave Brooks
|
|
Batting: RHB Dan Crowder
|
0-0: Called Strike 0-1: Ball 1-1: Foul Ball, location: 2F 1-2: Strikes out swinging
|
Batting: LHB Peter Rodgers
|
0-0: Ball 1-0: Foul Ball, location: 2F 1-1: Ground out 5-3 (Groundball, 5)
|
Bottom of the 6th over - 5 run(s), 4 hit(s), 1 error(s), 0 left on base; Gilbert 1 - Pueblo 5 |
TOP OF THE 7TH |
Gilbert Fire Fighters batting - Pitching for Pueblo Prairie Dogs : LHP Shannon Thomas
|
Batting: RHB Iván Romero
|
0-0: Foul Ball, location: 2F 0-1: Foul Ball, location: 2F 0-2: Strikes out looking
|
Batting: RHB Alfonso Santiago
|
0-0: Called Strike 0-1: Ball 1-1: Foul Ball, location: 2F 1-2: Foul Ball, location: 2F 1-2: Strikes out swinging
|
Batting: RHB Ramón Maldonado
|
0-0: Called Strike 0-1: DOUBLE (Line Drive, 89M)
|
Batting: RHB John Field
|
0-0: Reached on error, E4 (Groundball, 4M) Ramón Maldonado to third
|
Batting: SHB José Salazar
|
0-0: Ball 1-0: Ball 2-0: SINGLE (Line Drive, 9S) Ramón Maldonado scores John Field to second Runner from 2nd tries for 3rd, SAFE, throw made to third José Salazar to second
|
Batting: LHB Mark Sanders
|
0-0: Fly out, F6 (Line Drive, 6M)
|
Top of the 7th over - 1 run(s), 2 hit(s), 1 error(s), 2 left on base; Gilbert 2 - Pueblo 5 |
BOTTOM OF THE 7TH |
Pueblo Prairie Dogs batting - Pitching for Gilbert Fire Fighters : RHP Dave Brooks
|
Batting: RHB Steve Murphy
|
0-0: Ball 1-0: Fly out, F8 (Flyball, 89M)
|
Batting: RHB Ánibal Barrios
|
0-0: Ground out 5-3 (Groundball, 56S)
|
Batting: RHB Bob Fitzgerald
|
0-0: Ball 1-0: Foul Ball, location: 2F 1-1: Ball 2-1: SINGLE (Line Drive, 8LS)
|
Batting: RHB David Adams
|
0-0: Ball 1-0: Ball 2-0: Fielders Choice at 2nd, 6-4 (Groundball, 6)
|
Bottom of the 7th over - 0 run(s), 1 hit(s), 0 error(s), 0 left on base; Gilbert 2 - Pueblo 5 |
TOP OF THE 8TH |
Gilbert Fire Fighters batting - Pitching for Pueblo Prairie Dogs : LHP Shannon Thomas
|
Batting: RHB Bill Salinas
|
0-0: Ball 1-0: Called Strike 1-1: Ground out 6-3 (Groundball, 6)
|
Batting: LHB Matt Moore
|
0-0: Called Strike 0-1: SINGLE (Line Drive, 8RS)
|
Pitching: RHP Mike Green
|
|
Batting: RHB Jesús Acosta
|
0-0: DOUBLE (Line Drive, 8RM) Matt Moore to third Runner from 3rd tries for Home, SAFE, no throw
|
Batting: RHB Iván Romero
|
0-0: Ball 1-0: SINGLE (Groundball, 34D) Jesús Acosta to third
|
Batting: RHB Alfonso Santiago
|
0-0: Called Strike 0-1: Ball 1-1: Foul Ball, location: 2F 1-2: Ball 2-2: Foul Ball, location: 2F Balk! Jesús Acosta scores Iván Romero to second 2-2: Strikes out swinging passed ball, reaches first! Iván Romero to third
|
Batting: RHB Ramón Maldonado
|
0-0: Foul Ball, location: 2F 0-1: Ball 1-1: Swinging Strike 1-2: Foul Ball, location: 2F 1-2: Ball 2-2: Strikes out swinging
|
Batting: RHB John Field
|
0-0: Called Strike 0-1: Ground out 5-3 (Groundball, 56)
|
Top of the 8th over - 2 run(s), 3 hit(s), 0 error(s), 2 left on base; Gilbert 4 - Pueblo 5 |
BOTTOM OF THE 8TH |
Pueblo Prairie Dogs batting - Pitching for Gilbert Fire Fighters : RHP Dave Brooks
|
Batting: RHB Manny Herrera
|
0-0: Ball 1-0: Called Strike 1-1: SINGLE (Groundball, 6D)
|
Pinch Runner at 1st Jason King:
|
|
Batting: RHB Shigekazu Kaneko
|
0-0: Ball Jason King is caught stealing 2nd base 1-0: Called Strike 1-1: Ball 2-1: Fly out, F8 (Flyball, 8RS)
|
Batting: RHB Jared Williamson
|
0-0: Called Strike 0-1: Ball 1-1: Swinging Strike 1-2: Strikes out swinging
|
Bottom of the 8th over - 0 run(s), 1 hit(s), 0 error(s), 0 left on base; Gilbert 4 - Pueblo 5 |
TOP OF THE 9TH |
Gilbert Fire Fighters batting - Pitching for Pueblo Prairie Dogs : RHP Mike Green
|
Pitching: LHP Emory Contreras
|
|
Now at 3B: José Zumaya
|
|
Now at SS: Ramón Garza
|
|
Now in CF: Hunter Bond
|
|
Batting: SHB José Salazar
|
0-0: Foul Ball, location: 2F 0-1: Fly out, F8 (Line Drive, 8RM)
|
Batting: LHB Mark Sanders
|
0-0: Called Strike 0-1: Fly out, F7 (Flyball, 78M)
|
Batting: RHB Bill Salinas
|
0-0: Ball 1-0: Ball 2-0: Called Strike 2-1: Called Strike 2-2: Strikes out swinging
|
Top of the 9th over - 0 run(s), 0 hit(s), 0 error(s), 0 left on base; Gilbert 4 - Pueblo 5 |
|